 Seeded DCSS version 0.30-a0-371-gad7725a93e (webtiles) character file.

Game seed: 12460970759821053352 (custom seed)

25 innerfire433 the Trooper (level 2, -1/24 HPs)
             Began as a Demonspawn Monk on Nov 22, 2022.
             Slain by a gnoll
             ... wielding a +2 vorpal spear
              (6 damage)
             ... on level 2 of the Dungeon.
             The game lasted 00:01:12 (859 turns).

innerfire433 the Trooper (Demonspawn Monk)           Turns: 859, Time: 00:01:12

Health: -1/24      AC:  2    Str: 11    XL:     2   Next: 86%
Magic:  3/3        EV: 13    Int: 19    God:
Gold:   42         SH:  0    Dex: 15    Spells: 2/2 levels left

rFire   . . .      SeeInvis .    a - +0 hand axe
rCold   . . .      Faith    .    (no shield)
rNeg    . . .      Spirit   .    b - +0 robe
rPois   .          Reflect  .    (no helmet)
rElec   .          Harm     .    (no cloak)
rCorr   .          Rampage  .    (no gloves)
Will    .....                    (no boots)
Stlth   +.........               e - amulet of magic regeneration
HPRegen 0.24/turn                i - +6 ring of intelligence
MPRegen 0.48/turn                (no ring)

@: confused, ambrosia-drunk
A: big brain 1
a: no special abilities


You were on level 2 of the Dungeon.
You visited 1 branch of the dungeon, and saw 2 of its levels.

You collected 42 gold pieces.

Inventory:

Hand Weapons
 a - a +0 hand axe (weapon)
Armour
 b - a +0 robe (worn)
Jewellery
 e - an amulet of magic regeneration (around neck)
 i - a +6 ring of intelligence (left hand)
Scrolls
 f - a scroll of teleportation {unknown}
 g - a scroll of immolation {unknown}
 h - a scroll of enchant weapon {unknown}
 j - 2 scrolls of identify {unknown}
Potions
 d - a potion of lignification {unknown}


   Skills:
 + Level 3.2 Fighting
 + Level 2.9 Axes
 + Level 2.9 Dodging
 - Level 2.0 Stealth
 * Level 0.8 Spellcasting


You had 2 spell levels left.
You didn't know any spells.
Your spell library was empty.

Dungeon Overview and Level Annotations

Branches:
Dungeon (2/15)

Altars:


Innate Abilities, Weirdness & Mutations

You have an unusually large brain. (Int +2)


Message History

The helpless endoplasm fails to defend itself.
You hit the endoplasm.
The endoplasm is lightly wounded.
The endoplasm freezes you.
You are frozen.
You hit the endoplasm.
You kill the endoplasm!
No target in view!
Found a stone staircase leading up.
Found 8 stones.
No target in view!
No target in view!
There is a stone staircase leading up here.
A gnoll comes into view. It is wielding a +2 vorpal spear.
You see here 8 stones. 2 gnolls come into view.
The helpless gnoll fails to defend itself.
You hit the gnoll.
The gnoll is lightly wounded.
You hit the gnoll. The gnoll hits you with a +0 whip.
The gnoll hits you with a +2 vorpal spear.
You hit the gnoll.
The gnoll is heavily wounded.
You hit the gnoll but do no damage.
The gnoll hits you with a +2 vorpal spear.
* * * LOW HITPOINT WARNING * * *
The gnoll hits you with a +0 whip.
* * * LOW HITPOINT WARNING * * *
The gnoll attacks as you move away! The gnoll completely misses you.
The gnoll closely misses you.
You are confused.
You feel invigorated. The gnoll hits you with a +0 whip.
* * * LOW HITPOINT WARNING * * *
The gnoll barely misses you.
You hit the gnoll.
The gnoll is heavily wounded.
The gnoll hits you with a +0 whip!
* * * LOW HITPOINT WARNING * * *
The gnoll hits you from afar with a +2 vorpal spear.
You die...

#....#.# #.# #.#
.......###.# #.#
...........#####.##
##.########........
##.# #####.####.##
# ##.# #.†...#
#.##g#### ##.#
#.##### #g....... #
.# #.# #g# # #.#
#@#
#.####.########(#
##......##....<..#
...........#######
###.######## #


You could see 2 gnolls.

Vanquished Creatures
  A dart slug (D:1)
  A ball python (D:1)
  2 endoplasms (D:2)
  2 giant cockroaches
  7 goblins (D:1)
  A hobgoblin (D:1)
  2 quokkas (D:1)
  2 bats
  A frilled lizard (D:2)
19 creatures vanquished.

Notes
Turn   | Place    | Note
-------+----------+-------------------------------------------
     0 | D:1      | innerfire433 the Demonspawn Monk began the quest for the
                  | Orb.
     0 | D:1      | Reached XP level 1. HP: 18/18 MP: 1/1
   262 | D:1      | Gained mutation: You have an unusually large brain. (Int
                  | +2) [demonic ancestry]
   262 | D:1      | Reached XP level 2. HP: 24/24 MP: 2/2
   859 | D:2      | Slain by a gnoll

Illustrated notes

Levels and vault maps discovered:
D:1:      ncdulo_watergridlock, layout_loops_ring,
          minmay_misc_feat_secret_circle
D:2:      layout_loops_ring, serial_bayou_pond_e

Skill      XL: |  1 |
---------------+----+-----
Stealth        | 2 |  2.0
Fighting       | |  3.2
Axes           | |  2.9
Dodging        | |  2.9
Spellcasting   | |  0.8

Action                   || total
-------------------------++-------
Melee: Hand axe          ||    57
       Punch             ||     1
  Use: Potion            ||     1
 Stab: Sleeping          ||     5
Armor: Robe              ||    11
Dodge: Dodged            ||    42

Table legend: (Time is in decaauts)
 A = Elapsed time spent in this place.
 B = Non-inter-level travel time spent in this place.
 C = Inter-level travel time spent in this place.
 D = Time resting spent in this place.
 E = Time spent auto-exploring this place.
 F = Levels seen in this place.
 G = Mean time per level.
                   A        B        C        D        E       F      G
               +--------+--------+--------+--------+--------+-----+--------+
         Total |    870 |    814 |     56 |      0 |    651 |   2 |  435.0 |
       Dungeon |    870 |    814 |     56 |      0 |    651 |   2 |  435.0 |
               +--------+--------+--------+--------+--------+-----+--------+

Top non-repeatable levels by time:
     D:1: 736 daAuts
     D:2: 134 daAuts
